 Dungeon Crawl Stone Soup version 0.19-a0-944-gb338e1e (webtiles) character file.

11143 FitzyFitz the Fencer (level 11, -2/148 HPs)
             Began as a Minotaur Gladiator on July 8, 2016.
             Was a Believer of Uskayaw.
             Slain by a minotaur
             ... wielding a +4 lightning rod (0/10)
              (9 damage)
             ... in a labyrinth.
             The game lasted 00:30:52 (9940 turns).

FitzyFitz the Fencer (Minotaur Gladiator)           Turns: 9940, Time: 00:30:53

Health: -2/148     AC: 25    Str: 25    XL:     11   Next: 45%
Magic:  10/10      EV:  2    Int:  5    God:    Uskayaw [**....]
Gold:   514        SH:  0    Dex: 14    Spells: 0 memorised, 10 levels left

rFire  . . .     SeeInvis .     a - +1 great sword
rCold  . . .     Gourm    .     (armour currently unavailable)
rNeg   + + +     Faith    .     (shield currently unavailable)
rPois  +         Spirit   .     (helmet currently unavailable)
rElec  .         Dismiss  .     (cloak currently unavailable)
rCorr  .         Reflect  .     (gloves currently unavailable)
SustAt .         Harm     .     (boots currently unavailable)
MR     .....     NoTele   +     D - amulet of regeneration
Stlth  +.........               B - ring of poison resistance
                                i - +1 ring of slaying

@: mighty, tree-form, not resistant to hostile enchantments, very unstealthy
A: (retaliatory headbutt), (horns 0)
a: Stomp, Line Pass, Renounce Religion


You were in a labyrinth.
You worshipped Uskayaw.
Uskayaw was pleased with you.
You were very hungry.
You were a tree.
You visited 3 branches of the dungeon, and saw 12 of its levels.
You also visited: Labyrinth.

You collected 642 gold pieces.
You spent 128 gold pieces at shops.

Inventory:

Hand Weapons
 a - a +1 great sword (weapon)
 R - a +0 scimitar
Missiles
 d - 3 throwing nets
 K - 8 javelins (quivered)
Armour
 c - a +0 hat
 F - a +1 robe of magic resistance
 J - a +2 leather armour of fire resistance
 M - a +0 pair of gloves (melded)
 O - a +2 ring mail of cold resistance (melded)
 T - a +0 troll leather armour
 Z - a +1 cloak (melded)
Jewellery
 i - a +1 ring of slaying (left branch)
 A - an uncursed amulet of the gourmand
 B - a ring of poison resistance (right branch)
 D - an amulet of regeneration (around neck)
 Q - an uncursed ring of ice
 U - a +3 ring of dexterity
 W - an uncursed ring of see invisible
Wands
 k - a wand of confusion (43/48)
 m - a wand of iceblast (9/15)
Scrolls
 b - a scroll of identify
 e - 2 scrolls of amnesia
 h - 3 scrolls of teleportation
 l - a scroll of fog
 t - 3 scrolls of blinking
 x - 7 scrolls of remove curse
 E - a scroll of enchant weapon
 G - a scroll of enchant armour
Potions
 j - a potion of ambrosia
 n - a potion of brilliance
 r - 3 potions of cure mutation
 u - 3 potions of haste
 v - 2 potions of flight
 w - 7 potions of curing
 H - a potion of magic
 L - a potion of agility
Comestibles
 f - 7 bread rations
 q - 4 beef jerkies
 s - a slice of pizza
 C - 4 meat rations
 I - 12 royal jellies
 Y - 6 fruits


   Skills:
 - Level 10.0 Fighting
 * Level 16.0 Long Blades
 - Level 2.0 Throwing
 - Level 3.6 Armour
 - Level 9.3 Dodging


You had 10 spell levels left.
You didn't know any spells.

Dungeon Overview and Level Annotations

Branches:
Dungeon (10/15)            Temple (1/1) D:7            Lair (1/6) D:8
    Orc (0/2) D:9

Altars:
Ashenzari
Elyvilon
Fedhas
Gozag
Makhleb
Nemelex Xobeh
Sif Muna
Trog
Uskayaw
Xom
Yredelemnul
The Shining One
Beogh

Shops:
D:4 (   D:6 ?   D:7 :   D:10 *

Annotations:
Lair:1 Nergalle


Innate Abilities, Weirdness & Mutations

((You reflexively headbutt those who attack you in melee.))
((You have a pair of horns on your head.))


Message History

* * * LOW HITPOINT WARNING * * *
Okay, then.
Unknown command.
Unknown command.
Unknown command.
You slash the minotaur! You headbutt the minotaur!
The minotaur is severely wounded.
The minotaur zaps a rod.
The lightning hits you!
* * * LOW HITPOINT WARNING * * *
Okay, then.
Unknown command.
Unknown command.
You turn into a tree.
Your +1 cloak melds into your body.
Your +0 pair of gloves melds into your body.
Your +2 ring mail of cold resistance melds into your body.
You feel less resistant to cold.
Your roots penetrate the ground.
The minotaur hits you with a lightning rod!
* * * LOW HITPOINT WARNING * * *
The minotaur gores you!
You die...

. . . .... .
####### ### . ##
#.# #.# . .
#.#.#. ##### . #
#.#.#..#....# ..
. #.#.##.## #.#
##
#.#.........#..#
#H#.####### # #
#♣# #.....#... #
#.#.# #####.#..#
#...#.#. . .#
... #.### .. #
##.## # #.# ..
.....#. #### ###
# . ... # #


You could see a minotaur.

Vanquished Creatures
  The ghost of rageheart7 the Cleaver, a novice HOGl (D:5)
  2 hill giants (D:10)
  The ghost of meatyocre the Basher, a novice MiMo of Okawaru (D:7)
  Pikel (D:5)
  A manticore (D:9)
  Psyche (D:9)
  A troll (D:10)
  Grinder (D:6)
  6 hippogriffs
  A steam dragon (D:9)
  3 hungry ghosts
  3 vampire mosquitoes (D:10)
  A soldier ant (D:9)
  A water moccasin (D:6)
  7 orc warriors
  4 ice beasts
  2 sky beasts
  3 slaves
  5 phantoms
  3 black bears
  6 ogres
  2 centaurs
  A wasp (D:9)
  2 crocodiles (D:8)
  8 giant frogs
  A wyvern zombie (D:10)
  A wyvern skeleton (D:10)
  3 scorpions
  5 wights
  9 howler monkeys
  A wasp zombie (D:7)
  6 crimson imps
  2 giant frog zombies
  A giant frog skeleton (D:5)
  2 hounds
  11 orc priests
  A centaur skeleton (D:6)
  3 iguanas
  18 orc wizards
  6 worker ants
  3 hound zombies
  A worker ant zombie (D:7)
  8 gnolls
  8 adders
  4 shadow imps
  3 oozes
  An adder skeleton (D:5)
  2 dart slugs
  9 giant geckos
  55 orcs
  3 ball pythons
  2 giant cockroaches
  7 hobgoblins
  10 jackals
  7 quokkas
  8 bats
  2 giant gecko skeletons (D:4)
  A giant gecko zombie (D:7)
  3 giant newts
  5 goblins
  6 kobolds
  A quokka skeleton (D:8)
  2 quokka zombies
  7 rats
  2 plants (D:2)
297 creatures vanquished.

Vanquished Creatures (others)
  A wizard (D:10)
1 creature vanquished.

Grand Total: 298 creatures vanquished

Notes
Turn   | Place    | Note
-------+----------+-------------------------------------------
     0 | D:1      | FitzyFitz the Minotaur Gladiator began the quest for the Orb.
     0 | D:1      | Reached XP level 1. HP: 18/18 MP: 0/0
   112 | D:1      | Reached skill level 4 in Long Blades
   112 | D:1      | Reached XP level 2. HP: 25/25 MP: 1/1
   380 | D:1      | Reached XP level 3. HP: 28/31 MP: 2/2
   972 | D:2      | Reached XP level 4. HP: 39/39 MP: 3/3
  1226 | D:2      | Reached skill level 5 in Long Blades
  1834 | D:3      | Reached XP level 5. HP: 33/46 MP: 4/4
  2474 | D:3      | Found a shattered altar of Ashenzari.
  2656 | D:4      | Found Ohovas's Antique Weapon Shop.
  2665 | D:4      | Bought a scimitar for 68 gold pieces
  2685 | D:4      | Reached skill level 6 in Long Blades
  2838 | D:4      | Noticed a black bear
  2840 | D:4      | Killed a black bear
  2840 | D:4      | Reached XP level 6. HP: 50/53 MP: 5/5
  2925 | D:4      | Reached skill level 5 in Fighting
  2933 | D:4      | Reached skill level 7 in Long Blades
  2971 | D:4      | Reached skill level 5 in Dodging
  2986 | D:4      | Reached XP level 7. HP: 41/61 MP: 6/6
  3468 | D:5      | Entered Level 5 of the Dungeon
  3646 | D:5      | Reached skill level 8 in Long Blades
  3841 | D:5      | Noticed Pikel
  3925 | D:5      | Killed Pikel
  3925 | D:5      | Reached skill level 9 in Long Blades
  3925 | D:5      | Reached XP level 8. HP: 39/71 MP: 7/7
  3935 | D:5      | Noticed rageheart7's ghost (novice HOGl)
  4295 | D:6      | Reached skill level 1 in Armour
  4471 | D:6      | Found Muin Pothra's Magic Scroll Emporium.
  4474 | D:6      | Bought a scroll of identify for 30 gold pieces
  4474 | D:6      | Bought a scroll of identify for 30 gold pieces
  4652 | D:6      | Reached skill level 10 in Long Blades
  4907 | D:6      | Noticed Grinder
  4908 | D:6      | Paralysed by Grinder for 4 turns
  4915 | D:6      | Killed Grinder
  4915 | D:6      | Reached XP level 9. HP: 79/79 MP: 8/8
  4979 | D:7      | Noticed meatyocre's ghost (novice MiMo)
  5088 | D:5      | Killed rageheart7's ghost
  5088 | D:5      | Reached skill level 11 in Long Blades
  5589 | D:7      | Found Elausegg's Book Shoppe.
  5711 | D:7      | Found a staircase to the Ecumenical Temple.
  5718 | Temple   | Entered the Ecumenical Temple
  5725 | Temple   | Became a worshipper of Uskayaw the Reveler
  5759 | D:7      | Reached * piety under Uskayaw
  5764 | D:7      | Reached ** piety under Uskayaw
  5766 | D:7      | Reached *** piety under Uskayaw
  5768 | D:7      | Reached **** piety under Uskayaw
  5772 | D:7      | Killed meatyocre's ghost
  5847 | D:7      | Reached skill level 12 in Long Blades
  6181 | D:7      | Reached XP level 10. HP: 85/90 MP: 9/9
  6475 | D:8      | Found a staircase to the Lair.
  6796 | D:8      | Reached skill level 13 in Long Blades
  6826 | D:8      | Found a deep blue altar of Sif Muna.
  7754 | D:9      | Noticed a manticore
  7770 | D:9      | Killed a manticore
  7770 | D:9      | Reached skill level 10 in Fighting
  7973 | D:9      | Reached skill level 14 in Long Blades
  8143 | D:9      | Found a roughly hewn altar of Beogh.
  8149 | D:9      | Reached XP level 11. HP: 62/99 MP: 10/10
  8158 | D:9      | Reached ***** piety under Uskayaw
  8170 | D:9      | Found a staircase to the Orcish Mines.
  8171 | D:9      | Reached ****** piety under Uskayaw
  8254 | D:9      | Noticed Psyche
  8271 | D:9      | Killed Psyche
  8687 | D:10     | Entered Level 10 of the Dungeon
  8828 | D:10     | Noticed a hill giant
  8837 | D:10     | Killed a hill giant
  8837 | D:10     | Reached skill level 15 in Long Blades
  8945 | D:10     | Noticed a hill giant
  8951 | D:10     | Killed a hill giant
  9179 | D:10     | Found Mupsomaa's General Store.
  9217 | D:10     | Found a bloodstained altar of Trog.
  9517 | D:10     | Noticed a wizard
  9522 | D:10     | Killed a wizard
  9564 | Lair:1   | Entered Level 1 of the Lair of Beasts
  9660 | Lair:1   | Reached skill level 16 in Long Blades
  9708 | Lair:1   | Found a labyrinth entrance.
  9710 | Lair:1   | Noticed Nergalle
  9720 | Lab      | Entered a labyrinth
  9932 | Lab      | Noticed a minotaur
  9940 | Lab      | HP: 7/148 [minotaur/lightning rod (10)]
  9940 | Lab      | Slain by a minotaur

Vault maps used:
D:1:      nagdon_arrival_zigzag_paths, st_stairs_6
D:2:      wad_woods_pond, first_bread
D:3:      ashenzari_conservatory_becter
D:4:      black_bear_nest_2, serial_shops, shop_statue
D:5:      uniq_pikel
D:6:      serial_shops, kennysheep_mini_moat, uniq_grinder
D:7:      kennysheep_windowed_halls, serial_shops, shop
D:8:      kennysheep_orc_sif_temple, lair_0_dummy
D:9:      david_orc_5, hangedman_pestilent_swarm, kennysheep_generic_room_3,
          uniq_psyche
D:10:     serial_shops, shop, trog_wizard
Temple:   compressed_dpeg_triangle_lava_temple
Lair:1:   lab_entry_generic, infiniplex_staircase_pool_2, lemuel_fruit_tree,
          serial_bayou_shore_a, uniq_nergalle
Lab:      labyrinth_mini_lab, nicolae_lab_stuck, nicolae_lab_lava,
          labyrinth_skeletal_remains, lab_block, lab_fountain,
          nicolae_lab_hexagon

Skill      XL: |  1  2  3  4  5  6  7  8  9 10 11 |
---------------+----------------------------------+-----
Long Blades    | 4 5 6 7 9 10 12 14 16 | 16.0
Fighting       | 3 4 5 6 7 8 10 | 10.0
Dodging        | 4 5 6 7 8 9 |  9.3
Armour         | 3 |  3.6
Throwing       | |  2.0

Action                   |  1- 3 |  4- 6 |  7- 9 | 10-12 || total
-------------------------+-------+-------+-------+-------++-------
Melee: Long sword        |    93 |    65 |       |       ||   158
       Headbutt          |    21 |    25 |    46 |    74 ||   166
       Scimitar          |       |    49 |   269 |    34 ||   352
       Falchion          |       |       |     1 |       ||     1
       Great sword       |       |       |       |   369 ||   369
Throw: Javelin           |       |       |    14 |     8 ||    22
       Throwing net      |       |       |       |     1 ||     1
Evoke: Wand              |       |       |       |     6 ||     6
  Use: Scroll            |       |       |    11 |    10 ||    21
       Potion            |       |       |     3 |     2 ||     5
 Stab: Sleeping          |     1 |       |       |       ||     1
       Paralysed         |       |       |     3 |    13 ||    16
  Eat: Chunk             |       |     7 |    10 |    16 ||    33
Armor: Leather armour    |    14 |    24 |    41 |       ||    79
       Ring mail         |       |       |    26 |    80 ||   106
       Troll leather arm |       |       |       |     7 ||     7
Dodge: Dodged            |    46 |    44 |   112 |   220 ||   422
